 Dungeon Crawl Stone Soup version 0.29-a0-892-g2c4c91d9db (webtiles) character file.

Game seed: 5317724523290173376

49275 wingedge the Carver (level 14, -4/104 (109) HPs)
             Began as a Human Wanderer on July 22, 2022.
             Was an Elder of Ru.
             Killed from afar by an orc sorcerer (5 damage)
             ... with a bolt of fire
             ... led by Saint Roka
             ... on level 2 of the Orcish Mines.
             The game lasted 01:26:30 (18701 turns).

wingedge the Carver (Human Wanderer)               Turns: 18701, Time: 01:26:30

HP:   -4/104 (109)  AC: 15    Str:  9      XL:     14   Next: 91%
MP:   23/25         EV: 22    Int: 22      God:    Ru [****..]
Gold: 1420          SH: 11    Dex: 21 (22) Spells: 20/27 levels left

rFire   . . .      SeeInvis .   b - +6 long sword of the Common Good {freeze, rPois Str-4 Int+10 Dex+4}
rCold   . . .      Faith    .   f - +0 buckler {AC+3}
rNeg    + . .      Spirit   .   u - +2 robe {Will+}
rPois   +          Reflect  +   (no helmet)
rElec   .          Harm     .   l - +1 cloak
rCorr   .          Rampage  .   M - +1 pair of gloves
Will    ++...                   S - +1 pair of boots
Stlth   ..........              L - amulet of reflection
HPRegen 0.00/turn               v - ring of positive energy
MPRegen 0.19/turn               B - +4 ring of evasion

@: exhausted, on blink cooldown, inhibited regen, hasted, lightly drained,
unable to read, very quick
A: inhibited regeneration, no stealth, inability to use devices, hated by all,
deterioration 1, inability to read while threatened 1
a: Renounce Religion, Draw Out Power, Power Leap


You were on level 2 of the Orcish Mines.
You worshipped Ru.
Ru was greatly pleased with you.
You visited 3 branches of the dungeon, and saw 17 of its levels.

You collected 1420 gold pieces.

Inventory:

Hand Weapons
 a - a +2 vorpal sling
 b - the +6 long sword of the Common Good (weapon) {freeze, rPois Str-4 Int+10 Dex+4}
   (You found it on level 8 of the Dungeon)

   It freezes those it strikes, dealing additional cold damage.
   It can also slow down cold-blooded creatures.
   Str:       It affects your strength (-4).
   Int:       It affects your intelligence (+10).
   Dex:       It affects your dexterity (+4).
   rPois:     It protects you from poison.
 c - a +1 short sword of venom
 w - a +3 great sword
 R - a +1 scimitar of holy wrath
Armour
 f - a +0 buckler of protection (worn)
 l - a +1 cloak (worn)
 u - a +2 robe of willpower (worn)
 M - a +1 pair of gloves (worn)
 Q - a +2 ring mail of fire resistance
 S - a +1 pair of boots (worn)
Magical Staves
 n - a staff of poison
 y - a staff of air
 K - a staff of fire
 N - a staff of death
Jewellery
 o - an amulet of magic regeneration
 v - a ring of positive energy (left hand)
 B - a +4 ring of evasion (right hand)
 I - an amulet of regeneration
 L - an amulet of reflection (around neck)
Scrolls
 d - 3 scrolls of fear
 i - 6 scrolls of vulnerability
 j - 2 scrolls of fog
 p - 3 scrolls of magic mapping
 q - 4 scrolls of immolation
 t - 7 scrolls of teleportation
 x - 3 scrolls of torment
 A - 3 scrolls of enchant weapon
 C - 2 scrolls of brand weapon {unknown}
 E - 6 scrolls of amnesia
 G - 3 scrolls of blinking
 H - a scroll of summoning {unknown}
 O - a scroll of enchant armour {unknown}
Potions
 e - 6 potions of magic
 g - 2 potions of attraction
 k - 2 potions of flight {unknown}
 m - 8 potions of curing
 r - 5 potions of cancellation
 s - 3 potions of lignification
 z - a potion of degeneration {unknown}
 D - a potion of berserk rage {unknown}
 F - 5 potions of mutation {unknown}
 J - a potion of ambrosia {unknown}
 P - a potion of resistance {unknown}


   Skills:
 + Level 9.6 Fighting
 - Level 2.8(9.1) Short Blades
 * Level 13.3(13.4) Long Blades
 - Level 8.4 Ranged Weapons
 + Level 9.9 Armour
 + Level 9.4 Dodging
 + Level 5.1 Shields
 + Level 7.4 Spellcasting
 + Level 2.6 Conjurations
 - Level 5.0 Translocations
 + Level 2.6 Transmutations


You had 20 spell levels left.
You knew the following spells:

 Your Spells              Type           Power      Damage    Failure   Level
a - Blink                 Tloc           60%        N/A       1%          2
b - Irradiate             Conj/Tmut      9%         3d14      67%         5

Your spell library contained the following spells:

 Spells                   Type           Power      Damage    Failure   Level
 Magic Dart               Conj           76%        1d6       3%          1
 Lesser Beckoning         Tloc           30%        N/A       3%          3
 Shock                    Conj/Air       52%        1d6       6%          1
 Sting                    Tmut/Pois      52%        1d5       6%          1
 Necrotise                Necr           32%        1d5       10%         1
 Portal Projectile        Hex/Tloc       38%        N/A       11%         3
 Poisonous Vapours        Pois/Air       16%        N/A       16%         2
 Sublimation of Blood     Necr           8%         N/A       16%         2
 Ignite Poison            Fire/Tmut/Pois 11%        N/A       22%         3
 Mephitic Cloud           Conj/Pois/Air  11%        N/A       22%         3
 Swiftness                Air            8%         N/A       30%         3
 Vampiric Draining        Necr           8%         2d6       30%         3
 Manifold Assault         Tloc           30%        N/A       34%         5
 Petrify                  Tmut/Erth      13%        N/A       52%         4
 Blade Hands              Tmut           9%         N/A       67%         5
 Airstrike                Air            4%         0-3+      69%         4
 Olgreb's Toxic Radiance  Pois           8%         N/A       69%         4
 Freezing Cloud           Conj/Ice/Air   5%         6-21      89%         5
 Agony                    Necr           8%         N/A       95%         5
 Dragon Form              Tmut           9%         N/A       100%        7
 Summon Small Mammal      Summ           Unusable   N/A       N/A         1
 Call Imp                 Summ           Unusable   N/A       N/A         2
 Tukima's Dance           Hex            Unusable   N/A       N/A         3

Dungeon Overview and Level Annotations

Branches:
Dungeon (10/15)            Temple (0/1) D:7            Lair (5/5) D:9
 Shoals (0/4) Lair:3       Spider (0/4) Lair:3        Slime (0/5) Lair:5
    Orc (2/2) D:9             Elf (0/3) Orc:2

Altars:
Gozag
Kikubaaqudgha
Makhleb
Okawaru
Ru
Sif Muna
Vehumet
Wu Jian
Xom

Shops:
D:1 (

Annotations:
Orc:2 Saint Roka


Innate Abilities, Weirdness & Mutations

You do not regenerate when monsters are visible.
You cannot be stealthy.
You cannot study or use magical devices.
You are hated by all.
Your body sometimes deteriorates upon taking damage.
You occasionally lose the ability to read scrolls when taking damage.


Message History

You are restored by drawing out deep reserves of power within.
You feel drained.
Saint Roka mumbles some strange prayers to Beogh against you.
Beogh smites you!
* * * LOW HITPOINT WARNING * * *
You block the orc sorcerer's attack.
The orc warrior shoots a bolt.
You reflect the bolt off an invisible shield around you!
The bolt hits the orc warrior!!
You kill the orc warrior!
Okay, then.
You barely miss the orc sorcerer.
The orc sorcerer is moderately wounded.
You block the orc sorcerer's attack.
You cannot read scrolls in your current state!
Unknown command.
Okay, then.
You hit the orc sorcerer but do no damage.
The orc sorcerer is moderately wounded.
Saint Roka mumbles some strange prayers to Beogh against you.
Beogh smites you!
* * * LOW HITPOINT WARNING * * *
You feel yourself speed up. You block the orc sorcerer's attack.
Saint Roka invokes the aid of Beogh against you.
Beogh smites you!
* * * LOW HITPOINT WARNING * * *
You cannot read scrolls in your current state!
You feel better. You block the orc sorcerer's attack.
Saint Roka invokes the aid of Beogh against you.
Beogh smites you!
* * * LOW HITPOINT WARNING * * *
Okay, then.
Casting: Blink (safe; 1% risk of failure)
Confirm with . or Enter, or press ? or * to list all spells.
You blink.
Saint Roka calls down the wrath of Beogh upon you.
Beogh smites you!
* * * LOW HITPOINT WARNING * * *
The orc sorcerer gestures at you while chanting.
The bolt of fire hits you.
You die...

..................#
#.........<......#
#..).............#
#......[........#
##..[).[........#
#..).[.........#
##.[[.[.(.....####
#[.[..........#.#
#[))..@.........#
####))...........#.#
#..#<)...[.......###
##..))............#.#
####.^...........ยง.....###
##..........###.##o..o....##
#...........######.........#
#............# #....oo....#
#.##..........####......)...##


You could see Saint Roka (fast), an orc sorcerer (strong) and an orc warrior
(strong).

Vanquished Creatures
  Jorgrun (Orc:2)
  Harold (Lair:1)
  A boulder beetle (Lair:3)
  A hydra (Lair:5)
  A two-headed ogre (Orc:2)
  A catoblepas (Lair:4)
  7 death yaks
  An orc high priest (Orc:2)
  12 spriggans (Lair:5)
  A lindwurm (Lair:5)
  Pikel (D:9)
  3 orc sorcerers (Orc:2)
  2 orc knights
  A cyclops (D:9)
  13 elephants
  2 black mambas
  Psyche (D:9)
  6 cane toads
  8 komodo dragons
  4 rime drakes
  7 polar bears
  3 trolls
  8 hornets
  24 blink frogs
  26 yaks
  A shadow (D:9)
  2 wyverns
  4 wraiths
  4 basilisks
  A steam dragon (D:6)
  An acid dragon (D:8)
  13 water moccasins
  14 orc warriors
  2 ice beasts (D:6)
  9 black bears
  An ogre (Orc:2)
  3 boggarts (Lair:5)
  26 wolves
  2 centaurs
  4 lemures (D:9)
  A kobold brigand (D:9)
  A phantom (D:4)
  16 bullfrogs
  4 gnoll sergeants
  2 necrophages
  7 scorpions
  15 wights
  18 killer bees
  2 electric eels
  3 jellies
  A howler monkey (D:6)
  8 orc priests
  4 hounds (D:9)
  A gnoll bouda (D:5)
  3 iguanas
  Jessica (D:3)
  Ijyb (D:3)
  Terence (D:3)
  21 orc wizards
  22 gnolls
  4 adders
  2 shadow imps
  4 worms
  5 dart slugs
  26 orcs
  10 ball pythons
  4 bats
  6 endoplasms
  5 giant cockroaches
  8 goblins
  4 hobgoblins
  9 jackals
  14 kobolds
  4 quokkas
  3 frilled lizards
  5 rats
468 creatures vanquished.

Vanquished Creatures (others)
  A hydra (Lair:5)
  2 yaks (D:10)
  A wyvern (Lair:3)
  A killer bee (D:8)
  An orc wizard (D:6)
  2 orcs
  4 bushes (Lair:4)
  21 fungi
  36 plants
69 creatures vanquished.

Grand Total: 537 creatures vanquished

Notes
Turn   | Place    | Note
-------+----------+-------------------------------------------
     0 | D:1      | wingedge the Human Wanderer began the quest for the Orb.
     0 | D:1      | wingedge set off with the following items: a +0 dagger, a
                  | scroll of vulnerability, a +0 pair of gloves, a scroll of
                  | fear, a +0 robe, a +0 buckler of protection.
     0 | D:1      | Reached XP level 1. HP: 18/18 MP: 1/1
    62 | D:1      | Reached XP level 2. HP: 24/24 MP: 2/2
   188 | D:1      | Found Xionnow's Weapon Emporium.
   532 | D:1      | Reached XP level 3. HP: 27/29 MP: 3/3
  1218 | D:2      | Reached skill level 1 in Ranged Weapons
  1355 | D:2      | Reached XP level 4. HP: 35/35 MP: 4/4
  1705 | D:3      | Noticed Jessica
  1717 | D:3      | Killed Jessica
  1867 | D:3      | Noticed Terence
  1878 | D:3      | Killed Terence
  1879 | D:3      | Reached XP level 5. HP: 32/41 MP: 5/5
  2017 | D:3      | Noticed Ijyb
  2032 | D:3      | Killed Ijyb
  2151 | D:3      | Found a shimmering altar of Xom.
  2567 | D:4      | Found a sacrificial altar of Ru.
  2593 | D:4      | Became a worshipper of Ru the Awakened
  2639 | D:4      | Reached XP level 6. HP: 47/47 MP: 6/6
  2867 | D:4      | Reached skill level 1 in Armour
  2867 | D:4      | Reached skill level 1 in Spellcasting
  2929 | D:4      | Found an iron altar of Okawaru.
  3123 | D:5      | Entered Level 5 of the Dungeon
  3138 | D:5      | Reached XP level 7. HP: 44/52 MP: 8/8
  3269 | D:5      | Reached skill level 5 in Ranged Weapons
  3586 | D:5      | Reached XP level 8. HP: 60/60 MP: 11/11
  4518 | D:6      | Gained mutation: You cannot study or use magical devices.
                  | [Ru sacrifice]
  4518 | D:6      | Reached * piety under Ru
  4518 | D:6      | Reached ** piety under Ru
  4713 | D:6      | Reached XP level 9. HP: 66/66 MP: 13/13
  5035 | D:6      | Found a radiant altar of Vehumet.
  5043 | D:6      | Reached skill level 5 in Fighting
  5054 | D:6      | Found an ancient bone altar of Kikubaaqudgha.
  5071 | D:6      | Found a shimmering blue altar of Sif Muna.
  5125 | D:6      | Got Sif Muna's Essays on Production
  5534 | D:7      | Reached skill level 5 in Armour
  5574 | D:7      | Reached skill level 5 in Dodging
  5692 | D:7      | Reached XP level 10. HP: 69/72 MP: 14/16
  5868 | D:7      | Found a staircase to the Ecumenical Temple.
  5956 | D:7      | Found a burning altar of Makhleb.
  6018 | D:7      | Found an opulent altar of Gozag.
  6080 | D:7      | Found a hazy altar of Hepliaklqana.
  6424 | D:8      | Gained mutation: You cannot be stealthy. [Ru sacrifice]
  6424 | D:8      | Reached *** piety under Ru
  6433 | D:8      | Identified the +6 long sword of the Common Good {freeze,
                  | rPois Str-4 Int+10 Dex+4}
  6559 | D:8      | Reached skill level 1 in Short Blades
  6816 | D:8      | Reached skill level 1 in Long Blades
  7184 | D:8      | Reached skill level 2 in Long Blades
  7210 | D:9      | Noticed a cyclops
  7221 | D:9      | Killed a cyclops
  7222 | D:9      | Reached skill level 3 in Long Blades
  7309 | D:9      | Reached skill level 4 in Long Blades
  7338 | D:9      | Reached skill level 5 in Long Blades
  7362 | D:9      | Reached XP level 11. HP: 66/81 MP: 17/17
  7371 | D:9      | Reached skill level 6 in Long Blades
  7479 | D:9      | Reached skill level 7 in Long Blades
  7479 | D:9      | Found a staircase to the Lair.
  7669 | D:9      | Noticed Pikel
  7680 | D:9      | Killed Pikel
  7681 | D:9      | Reached skill level 8 in Long Blades
  7710 | D:9      | Noticed Psyche
  7730 | D:9      | Killed Psyche
  7736 | D:9      | Found a staircase to the Orcish Mines.
  7953 | Lair:1   | Entered Level 1 of the Lair of Beasts
  7983 | Lair:1   | Gained mutation: You are hated by all. [Ru sacrifice]
  8038 | Lair:1   | Noticed an elephant
  8038 | Lair:1   | Noticed an elephant
  8056 | Lair:1   | Killed an elephant
  8060 | Lair:1   | Killed an elephant
  8069 | Lair:1   | Noticed an elephant
  8081 | Lair:1   | Killed an elephant
  8129 | Lair:1   | Reached skill level 9 in Long Blades
  8269 | Lair:1   | Noticed an elephant
  8282 | Lair:1   | Killed an elephant
  8475 | Lair:1   | Reached XP level 12. HP: 89/89 MP: 18/18
  8589 | Lair:1   | Noticed Harold
  8601 | Lair:1   | Killed Harold
  8609 | Lair:1   | Reached skill level 10 in Long Blades
  8650 | Lair:1   | Learned a level 2 spell: Blink
  9033 | Lair:2   | Reached skill level 1 in Translocations
 10096 | Lair:3   | Reached skill level 5 in Spellcasting
 10415 | Lair:3   | Found a hole to the Spider Nest.
 10423 | Lair:3   | Noticed a boulder beetle
 10475 | Lair:3   | Killed a boulder beetle
 10714 | Lair:3   | Found a radiant altar of Vehumet.
 10763 | Lair:3   | Reached XP level 13. HP: 81/98 MP: 19/21
 10880 | Lair:3   | Reached skill level 11 in Long Blades
 10971 | Lair:3   | Found a staircase to the Shoals.
 11986 | Lair:4   | Noticed a catoblepas
 12000 | Lair:4   | Killed a catoblepas
 12999 | Lair:5   | Entered Level 5 of the Lair of Beasts
 13002 | Lair:5   | Found a staircase to the Slime Pits.
 13030 | Lair:5   | Noticed a seven-headed hydra
 13459 | Lair:5   | Reached skill level 12 in Long Blades
 13904 | Lair:5   | Reached XP level 14. HP: 104/106 MP: 23/23
 13924 | Lair:5   | Reached skill level 5 in Translocations
 14918 | Lair:5   | Learned a level 5 spell: Irradiate
 14981 | Lair:5   | Reached skill level 1 in Conjurations
 15154 | Lair:5   | Reached skill level 1 in Transmutations
 15454 | Lair:5   | Reached skill level 13 in Long Blades
 15888 | D:10     | Entered Level 10 of the Dungeon
 16452 | D:10     | Found an ornate altar of the Wu Jian Council.
 16867 | Orc:1    | Entered Level 1 of the Orcish Mines
 16951 | Orc:2    | Entered Level 2 of the Orcish Mines
 16970 | Orc:2    | Paralysed by an orc sorcerer for 2 turns
 16990 | Orc:2    | Gained mutation: You do not regenerate when monsters are
                  | visible. [Ru sacrifice]
 16990 | Orc:2    | Reached **** piety under Ru
 17326 | Orc:2    | Noticed Jorgrun
 17329 | Orc:2    | Found a staircase to the Elven Halls.
 17346 | Orc:2    | Killed Jorgrun
 17641 | Orc:2    | Noticed Saint Roka
 18625 | Orc:2    | Gained mutation: You occasionally lose the ability to read
                  | scrolls when taking damage. [a neqoxec]
 18626 | Orc:2    | Gained mutation: Your body sometimes deteriorates upon
                  | taking damage. [a neqoxec]
 18701 | Orc:2    | HP: 1/104 [Saint Roka/divine providence (9)]
 18701 | Orc:2    | Killed from afar by an orc sorcerer

Illustrated notes

Levels and vault maps discovered:
D:1:      erik_arrival_cave_to_civilisation [erik_arrival_cave_to_hall],
          layout_basic, serial_shops, nicolae_shop_stone, lemuel_flame_loot_1
D:2:      layout_rooms
D:3:      layout_basic, mainiacjoe_overflow_alcove_1, uniq_ijyb, uniq_terence,
          uniq_jessica
D:4:      layout_rooms, mainiacjoe_overflow_cross_hatched,
          mainiacjoe_overflow_small_starburst, kennysheep_dice
D:5:      layout_basic
D:6:      layout_basic, palyth_temple_overflow_mages, nrook_pool_corridor
D:7:      layout_cave_pools, kennysheep_little_box, grunt_gozag_statues,
          amcnicky_altar_gilded, minmay_temple_entry_arrows,
          kennysheep_small_square
D:8:      layout_basic
D:9:      layout_rooms, erik_lair_island, orc_0_dummy, uniq_pikel, uniq_psyche
D:10:     layout_loops_ring, kennysheep_mini_moat, lemuel_flamethrower_2
Lair:1:   layout_misc_corridors, gauntlet_entry_generic, serial_bayou_shore_b,
          grunt_megastairs_1, infiniplex_staircase_pool, uniq_harold
Lair:2:   layout_cave_pods
Lair:3:   layout_gridlike, elwin_shoals_entry_rocks,
          nicolae_spider_entry_non_spiders, basic_altar, lemuel_fruit_fields
Lair:4:   layout_roguey, minmay_hedge_maze
Lair:5:   minmay_lair_end_enchanted_forest, layout_big_grid, slime_entry_1
Orc:1:    layout_caves, elves_outpost_lemuel, uniq_fannar
Orc:2:    grunt_orc_cross, layout_diamond_mine, bh_open_orc_temple, uniq_jorgrun

Skill      XL: |  1  2  3  4  5  6  7  8  9 10 11 12 13 14 |
---------------+-------------------------------------------+-----
Stealth        | 2 0 |  0.0
Dodging        | 2 3 4 5 6 7 8 9 |  9.4
Ranged Weapons | 1 3 4 5 6 7 8 |  8.4
Armour         | 1 2 3 5 6 7 8 9 |  9.9
Spellcasting   | 1 2 3 4 5 6 7 |  7.4
Fighting       | 4 5 6 7 8 9 |  9.6
Short Blades   | 2 |  2.8
Long Blades    | 5 9 10 12 13 | 13.3
Translocations | 2 4 5 |  5.0
Conjurations   | 2 |  2.6
Transmutations | 2 |  2.6
Shields        | |  5.1

Action                   |  1- 3 |  4- 6 |  7- 9 | 10-12 | 13-15 || total
-------------------------+-------+-------+-------+-------+-------++-------
Melee: Dagger            |    19 |       |       |       |       ||    19
       Short sword       |    40 |    70 |   214 |    48 |    30 ||   402
       Rapier            |       |       |    35 |    28 |       ||    63
       Long sword        |       |       |       |   582 |   727 ||  1309
 Fire: Sling             |    29 |   100 |   144 |    82 |    50 ||   405
Throw: Throwing net      |       |       |     1 |     1 |     4 ||     6
 Cast: Blink             |       |       |       |       |     7 ||     7
Invok: Sacrifice Artific |       |       |     1 |       |       ||     1
       Sacrifice Stealth |       |       |       |     1 |       ||     1
       Sacrifice Love    |       |       |       |     1 |       ||     1
       Reject Sacrifices |       |       |       |     1 |       ||     1
       Draw Out Power    |       |       |       |       |     1 ||     1
       Power Leap        |       |       |       |       |     1 ||     1
       Sacrifice Purity  |       |       |       |       |     1 ||     1
  Use: Scroll            |     1 |     4 |     5 |     6 |    10 ||    26
       Potion            |       |       |     2 |       |     8 ||    10
 Stab: Sleeping          |     4 |       |       |       |       ||     4
       Distracted        |       |       |     1 |     3 |     4 ||     8
       Invisible         |       |       |     2 |     6 |    10 ||    18
       Held in net/web   |       |       |       |       |     5 ||     5
       Petrifying        |       |       |       |       |     3 ||     3
       Petrified         |       |       |       |       |     3 ||     3
Armor: Robe              |    17 |    30 |    17 |       |     1 ||    65
       Scale mail        |       |       |   117 |   221 |    21 ||   359
       Ring mail         |       |       |       |       |   141 ||   141
Dodge: Dodged            |    24 |    73 |   206 |   426 |   403 ||  1132
Block: Buckler           |    20 |    41 |    83 |   261 |   333 ||   738
       Reflection        |       |       |       |       |    12 ||    12

Table legend: (Time is in decaauts)
 A = Elapsed time spent in this place.
 B = Non-inter-level travel time spent in this place.
 C = Inter-level travel time spent in this place.
 D = Time resting spent in this place.
 E = Time spent auto-exploring this place.
 F = Levels seen in this place.
 G = Mean time per level.
                   A        B        C        D        E       F      G
               +--------+--------+--------+--------+--------+-----+--------+
         Total |  18625 |  17740 |    885 |   3439 |   9821 |  17 | 1095.6 |
       Dungeon |   9110 |   8621 |    489 |    593 |   5645 |  10 |  911.0 |
          Lair |   7740 |   7357 |    383 |   1523 |   4078 |   5 | 1548.0 |
  Orcish Mines |   1774 |   1762 |     12 |   1322 |     98 |   2 |  887.0 |
               +--------+--------+--------+--------+--------+-----+--------+

Top non-repeatable levels by time:
  Lair:5: 2156 daAuts
  Lair:4: 1821 daAuts
  Lair:3: 1631 daAuts
     D:5: 1449 daAuts
  Lair:2: 1250 daAuts
     D:1: 1224 daAuts
   Orc:1: 1171 daAuts
     D:6: 990 daAuts
    D:10: 943 daAuts
     D:8: 935 daAuts
  Lair:1: 879 daAuts
     D:9: 859 daAuts
     D:7: 771 daAuts
     D:4: 740 daAuts
     D:3: 696 daAuts
